 Dungeon Crawl Stone Soup version 0.28.0-53-g5a82cb258f (webtiles) character file.

Game seed: 17769985161439106389

17789 Plasmagod the Covert (level 12, -13/62 HPs)
             Began as a Spriggan Brigand on July 9, 2022.
             Was a Priest of Dithmenos.
             Mangled by an anaconda simulacrum (19 damage)
             ... in an ice cave.
             The game lasted 03:43:25 (22690 turns).

Plasmagod the Covert (Spriggan Brigand)            Turns: 22690, Time: 03:43:26

Health: -13/62     AC: 11    Str: 17    XL:     12   Next: 22%
Magic:  17/19      EV: 20    Int: 23    God:    Dithmenos [***...]
Gold:   357        SH:  5    Dex: 19    Spells: 12/20 levels left

rFire   . . .      SeeInvis +   P - +5 long sword "Finlosab" {protect, Str+10 Int+2 Stlth-}
rCold   . . .      Faith    .   (no shield)
rNeg    . . .      Spirit   .   j - +2 robe {Will+}
rPois   +          Reflect  +   (helmet restricted)
rElec   .          Harm     .   X - scarf {+Inv}
rCorr   .          Rampage  .   (gloves unavailable)
Will    +++..                   (boots unavailable)
Stlth   +++++++...              S - amulet of reflection
HPRegen 0.20/turn               s - ring of poison resistance
MPRegen 0.16/turn               O - +6 ring of intelligence

@: under a protective aura, on blink cooldown, wreathed by umbra, constricted,
very quick
A: very small, no large weapons, unfitting armour, see invisible, speed 3
a: Renounce Religion, Evoke Invisibility, Shadow Step


You were in an ice cave.
You worshipped Dithmenos.
Dithmenos was most pleased with you.
You visited 4 branches of the dungeon, and saw 16 of its levels.
You visited 1 bazaar.
You also visited: Ossuary and Ice Cave.

You collected 719 gold pieces.
You spent 362 gold pieces at shops.

Inventory:

Hand Weapons
 k - a +8 shortbow of freezing
 n - a +2 dagger of venom
 K - a +4 short sword
 N - a +4 short sword of freezing
 P - the +5 long sword "Finlosab" (weapon) {protect, Str+10 Int+2 Stlth-}
   (You found it on level 11 of the Dungeon)

   It grants its wielder temporary protection when it strikes (+7 to AC).
   Str:       It affects your strength (+10).
   Int:       It affects your intelligence (+2).
   Stlth:     It makes you less stealthy.
Missiles
 d - 8 curare-tipped darts
 e - 41 poisoned darts (quivered)
 l - 155 arrows
 w - a throwing net
Armour
 c - a +1 cloak
 f - a +2 robe of the Archmagi
 j - a +2 robe of willpower (worn)
 X - a scarf of invisibility (worn)
Jewellery
 b - a ring of resist corrosion
 q - an amulet of the acrobat
 r - a ring of protection from cold
 s - a ring of poison resistance (left hand)
 J - an amulet of faith
 M - a ring of fire
 O - a +6 ring of intelligence (right hand)
 S - an amulet of reflection (around neck)
Wands
 E - a wand of flame (34)
 F - a wand of acid (8)
 H - a wand of iceblast (16)
 V - a wand of digging (4)
Scrolls
 h - 7 scrolls of teleportation
 o - 3 scrolls of blinking
 u - 3 scrolls of identify
 y - a scroll of fear
 G - 2 scrolls of enchant armour
 L - 2 scrolls of brand weapon
 Q - a scroll of amnesia
 T - a scroll of silence
 U - a scroll of fog {unknown}
 W - a scroll of magic mapping
Potions
 a - 2 potions of brilliance
 g - 5 potions of might
 i - 4 potions of mutation
 m - 2 potions of heal wounds
 p - a potion of flight
 t - 2 potions of lignification
 v - a potion of haste
 x - a potion of magic
 z - 3 potions of attraction
 A - a potion of resistance
 B - a potion of invisibility
 C - a potion of degeneration
 D - 2 potions of ambrosia
 I - 4 potions of curing
 R - 2 potions of cancellation


   Skills:
 + Level 6.8 Fighting
 + Level 9.2(9.3) Short Blades
 + Level 0.4(4.3) Long Blades
 + Level 13.0 Bows
 + Level 4.4 Throwing
 + Level 8.0 Dodging
 + Level 14.5 Stealth
 + Level 0.6 Shields
 + Level 4.6 Spellcasting
 + Level 5.1 Translocations


You had 12 spell levels left.
You knew the following spells:

 Your Spells              Type           Power      Damage    Failure   Level
a - Blink                 Tloc           56%        N/A       1%          2
b - Gell's Gravitas       Tloc           28%        N/A       3%          3
c - Teleport Other        Tloc           28%        N/A       3%          3

Your spell library contained the following spells:

 Spells                   Type           Power      Damage    Failure   Level
 Lesser Beckoning         Tloc           28%        N/A       3%          3
 Beastly Appendage        Tmut           10%        N/A       10%         1
 Corpse Rot               Necr/Air       10%        N/A       16%         2
 Poisonous Vapours        Pois/Air       10%        N/A       16%         2
 Wereblood                Tmut           5%         N/A       16%         2
 Spider Form              Tmut/Pois      5%         N/A       30%         3
 Stone Arrow              Conj/Erth      10%        3d7       30%         3
 Manifold Assault         Tloc           28%        N/A       32%         5
 Animate Armour           Summ/Erth      10%        N/A       69%         4
 Storm Form               Tmut/Air       2%         N/A       100%        7
 Lehudib's Crystal Spear  Conj/Erth      2%         10d2      100%        8


Dungeon Overview and Level Annotations

Branches:
Dungeon (13/15)            Temple (1/1) D:5            Lair (1/6) D:8
    Orc (1/2) D:12        Ossuary (visited)           IceCv (1/1)
 Vaults: D:13-14

Altars:
Ashenzari
Cheibriados
Dithmenos
Elyvilon
Kikubaaqudgha
Nemelex Xobeh
Okawaru
Qazlal
Sif Muna
Uskayaw
Wu Jian
Yredelemnul
Zin

Shops:
D:1 =   D:4 [

Portals:
Trove: D:10 (give 8 scrolls of fear)

Annotations:
D:3 1 runed translucent door
D:13 Maurice


Innate Abilities, Weirdness & Mutations

You are very small and have problems with some larger weapons.
You are too small for most types of armour.
You have supernaturally acute eyesight. (SInv)
You cover ground extremely quickly. (Speed+++)


Message History

The harpy simulacrum claws you. The harpy simulacrum freezes you!!
* * * LOW HITPOINT WARNING * * *
The anaconda simulacrum grabs you.
The anaconda simulacrum completely misses you.
The anaconda simulacrum constricts you.
* * * LOW HITPOINT WARNING * * *
You feel much better.
The harpy simulacrum closely misses you. x2
You block the anaconda simulacrum's attack.
The anaconda simulacrum constricts you. The harpy simulacrum misses you.
The harpy simulacrum claws you. The harpy simulacrum freezes you!
* * * LOW HITPOINT WARNING * * *
Casting: Gell's Gravitas (dangerous; 3% risk of failure)
Confirm with . or Enter, or press ? or * to list all spells.
You escape the anaconda simulacrum's grasp.
You blink.
The harpy simulacrum claws you but does no damage.
The harpy simulacrum misses you.
You slash the harpy simulacrum!
The harpy simulacrum vaporises!
Dithmenos accepts your kill.
The dire elephant simulacrum tramples you.
* * * LOW HITPOINT WARNING * * *
You hold your ground!
The dire elephant simulacrum trunk-slaps you but does no damage.
Okay, then.
Press: ? - help, v - describe, . - travel
Here: a dire elephant simulacrum (umbra)
The floor.
Aiming: Shadow Step
Press: ? - help, Dir - move target There isn't a shadow there.
Okay, then.
Unknown command.
The anaconda simulacrum completely misses you.
You block the anaconda simulacrum's attack.
The anaconda simulacrum grabs you. The anaconda simulacrum bites you!
* * * LOW HITPOINT WARNING * * *
The anaconda simulacrum freezes you!!
You die...

########
##.#....##
#####...Z.#..##
##..∩##..####..#
#∩..####Z.# #Z.#
#....# #@°##...#
#...####...##.⌠.
##..####...####...
#...##...### .###
#..##...## #.
#......## .
##...### #####


You could see an anaconda simulacrum and a dire elephant simulacrum.

Vanquished Creatures
  Josephine (D:12)
  2 hydras (D:12)
  A two-headed ogre (D:10)
  A death knight (D:12)
  A vault guard (D:10)
  A cyclops (D:12)
  8 slime creatures
  A black mamba (D:8)
  The ghost of Tali the Chopper, a novice DsBe of Trog (D:6)
  A troll (D:9)
  A wolf spider simulacrum (D:9)
  A shadow (D:12)
  Sigmund (D:3)
  5 wyverns
  A vampire (D:9)
  3 wraiths
  11 yaks
  2 vampire mosquitoes (D:13)
  2 basilisks
  2 humans (D:13)
  A warg (Orc:1)
  A harpy simulacrum (IceCv)
  10 water moccasins
  An acid dragon (D:11)
  The ghost of SnailSD the Ducker, an amateur TrFi (D:3)
  A sky beast (D:7)
  2 ice beasts
  4 orc warriors
  A hornet zombie (D:8)
  2 necrophages (D:6)
  A black bear (D:6)
  3 ogres
  4 centaurs
  A phantom (D:5)
  6 kobold brigands
  A scorpion (D:5)
  A two-headed ogre simulacrum (IceCv)
  A wyvern zombie (D:5)
  3 bullfrogs
  A gnoll sergeant (D:10)
  A water moccasin zombie (D:5)
  A wyvern skeleton (D:7)
  3 water moccasin skeletons
  13 wights
  2 howler monkeys (D:8)
  2 bullfrog zombies
  6 centaur zombies
  2 jellies
  A gnoll shaman (D:10)
  4 orc priests
  Jessica (D:2)
  4 iguanas
  9 orc wizards
  2 killer bee zombies (D:8)
  A wolf simulacrum (IceCv)
  A hound skeleton (D:4)
  13 mummies (Ossuary)
  Robin (D:2)
  A howler monkey zombie (D:9)
  21 gnolls
  5 adders
  A naga simulacrum (IceCv)
  2 shadow imps
  4 white imps
  2 ufetubi
  6 worms
  A dart slug (D:2)
  24 orcs
  5 bats
  4 endoplasms
  2 giant cockroaches (D:1)
  14 goblins
  12 hobgoblins
  6 jackals
  45 kobolds
  6 quokkas
  5 ball pythons
  4 frilled lizards
  3 goblin skeletons (Ossuary)
  3 kobold skeletons (Ossuary)
  2 orc skeletons (Ossuary)
  6 rats
  11 rat skeletons (Ossuary)
355 creatures vanquished.

Vanquished Creatures (others)
  An orc wizard (Orc:1)
  2 fungi (D:8)
  54 plants
57 creatures vanquished.

Grand Total: 412 creatures vanquished

Notes
Turn   | Place    | Note
-------+----------+-------------------------------------------
     0 | D:1      | Plasmagod the Spriggan Brigand began the quest for the Orb.
     0 | D:1      | Reached XP level 1. HP: 10/10 MP: 2/2
   104 | D:1      | Found Uthriteas's Jewellery Boutique.
   114 | D:1      | Reached skill level 6 in Stealth
   288 | D:1      | Reached XP level 2. HP: 10/15 MP: 3/3
  1529 | D:1      | Identified a scroll of acquirement
  1529 | D:1      | Acquired a +1 rapier of venom
  1574 | D:2      | Noticed Jessica
  1577 | D:2      | Killed Jessica
  1578 | D:2      | Reached skill level 7 in Stealth
  1578 | D:2      | Reached XP level 3. HP: 18/18 MP: 4/4
  1607 | D:2      | Found an ancient bone altar of Kikubaaqudgha.
  1636 | D:2      | Reached XP level 4. HP: 22/23 MP: 5/5
  2192 | D:2      | Reached skill level 8 in Stealth
  2450 | D:2      | Noticed Robin
  2458 | D:2      | Killed Robin
  2459 | D:2      | Reached XP level 5. HP: 25/26 MP: 6/6
  2907 | D:3      | Noticed a centaur
  2913 | D:3      | Killed a centaur
  2960 | D:3      | Noticed Sigmund
  2963 | D:3      | Killed Sigmund
  2964 | D:3      | Reached skill level 1 in Spellcasting
  2964 | D:3      | Reached XP level 6. HP: 30/30 MP: 6/9
  3110 | D:3      | Found a faded altar of an unknown god.
  3202 | D:3      | Learned a level 2 spell: Blink
  3239 | D:3      | Found a runed translucent door.
  3239 | D:3      | Noticed SnailSD's ghost (amateur TrFi)
  3338 | D:3      | Found a runed translucent door.
  3463 | D:3      | Noticed an ice beast
  3626 | D:3      | Killed an ice beast
  3627 | D:3      | Reached skill level 1 in Bows
  3627 | D:3      | Reached XP level 7. HP: 35/35 MP: 9/11
  3980 | D:3      | Killed SnailSD's ghost
  4507 | D:4      | Found Inammur's Antique Armour Shoppe.
  5286 | D:5      | Entered Level 5 of the Dungeon
  5312 | D:5      | Found a staircase to the Ecumenical Temple.
  5340 | D:5      | Reached skill level 5 in Short Blades
  5340 | D:5      | Reached skill level 9 in Stealth
  5538 | D:5      | HP: 1/35 [orc wizard/magic dart (7)]
  5550 | D:5      | Found a sand-covered staircase.
  5557 | Ossuary  | Entered an ossuary
  6726 | D:5      | Noticed a wyvern
  7002 | D:5      | Reached XP level 8. HP: 39/39 MP: 14/14
  7439 | D:5      | Reached skill level 10 in Stealth
  8450 | D:5      | Reached XP level 9. HP: 44/44 MP: 15/15
  8841 | D:5      | Reached skill level 5 in Bows
  9128 | Temple   | Entered the Ecumenical Temple
  9260 | Temple   | Became a worshipper of Dithmenos the Shadowed
  9318 | D:6      | Found a runed translucent door.
  9318 | D:6      | Noticed Tali's ghost (novice DsBe)
  9741 | D:6      | Reached skill level 11 in Stealth
 10174 | D:6      | Reached skill level 1 in Translocations
 10440 | D:6      | Killed Tali's ghost
 10716 | D:7      | Found a sparkling altar of Nemelex Xobeh.
 11057 | D:7      | Learned a level 3 spell: Gell's Gravitas
 11341 | D:7      | Reached XP level 10. HP: 43/49 MP: 17/17
 11808 | D:8      | Reached * piety under Dithmenos
 11879 | D:8      | Found a staircase to the Lair.
 12366 | D:7      | Reached skill level 5 in Dodging
 13776 | D:8      | Reached skill level 12 in Stealth
 13912 | D:8      | Learned a level 3 spell: Teleport Other
 14399 | D:9      | Reached skill level 10 in Bows
 15460 | D:9      | Found a hide-covered altar of Uskayaw.
 15489 | D:10     | Entered Level 10 of the Dungeon
 15531 | D:10     | Noticed a frost giant
 15531 | D:10     | Noticed a skeletal warrior
 15531 | D:10     | Noticed a boulder beetle
 15553 | D:10     | Noticed a centaur warrior
 15612 | D:10     | Reached XP level 11. HP: 45/54 MP: 18/18
 15655 | D:10     | Reached ** piety under Dithmenos
 15880 | D:10     | Noticed a vault guard
 15996 | D:10     | Noticed a two-headed ogre
 16110 | D:10     | Killed a two-headed ogre
 16111 | D:10     | Reached skill level 5 in Fighting
 16111 | D:10     | Reached skill level 13 in Stealth
 16270 | D:10     | Killed a vault guard
 16273 | D:10     | Found a portal to a secret trove of treasure.
 16466 | D:11     | Identified the +5 long sword "Finlosab" {protect, Str+10
                  | Int+2 Stlth-}
 17836 | D:12     | Noticed a five-headed hydra
 17843 | D:12     | Killed a five-headed hydra
 17885 | D:12     | Noticed a five-headed hydra
 17981 | D:12     | Reached skill level 14 in Stealth
 18024 | D:12     | Killed a five-headed hydra
 18024 | D:12     | Reached *** piety under Dithmenos
 18357 | D:12     | Found a staircase to the Orcish Mines.
 18413 | D:12     | Noticed a death knight
 18416 | D:12     | Killed a death knight
 18555 | D:12     | Noticed a centaur warrior
 19040 | D:13     | Found a flickering gateway to a bazaar.
 19082 | Bazaar   | Entered a bazaar
 19103 | Bazaar   | Found Waep's Antique Armour Shoppe.
 19135 | Bazaar   | Found Aluaf's Assorted Antiques.
 19139 | Bazaar   | Bought a scroll of enchant weapon for 150 gold pieces
 19146 | Bazaar   | Found Deveto's Book Shoppe.
 19213 | Bazaar   | Bought a scroll labelled BIFAAMACVINK for 20 gold pieces
 19246 | Bazaar   | Bought a glowing scarf for 192 gold pieces
 19379 | D:13     | Noticed a skeletal warrior
 19379 | D:13     | Noticed a skeletal warrior
 19814 | D:13     | Reached XP level 12. HP: 62/62 MP: 19/19
 20130 | D:13     | Noticed Maurice
 20130 | D:13     | Noticed Josephine
 20237 | D:12     | Killed Josephine
 21661 | Orc:1    | Entered Level 1 of the Orcish Mines
 21754 | D:12     | Reached skill level 5 in Translocations
 22221 | D:10     | Noticed a centaur warrior
 22227 | D:10     | Noticed a boulder beetle
 22304 | Lair:1   | Entered Level 1 of the Lair of Beasts
 22329 | Lair:1   | Noticed an eight-headed hydra
 22534 | Lair:1   | Noticed an eight-headed hydra
 22560 | Lair:1   | Found a frozen archway.
 22598 | Lair:1   | Noticed a seven-headed hydra
 22606 | IceCv    | Entered an ice cave
 22690 | IceCv    | Mangled by an anaconda simulacrum

Illustrated notes

Levels and vault maps discovered:
D:1:      zaba_arrival_water, layout_basic, serial_shops,
          nicolae_shop_window_shopping, corexii_hall_statues_x,
          chequers_serial_rivers_small_b, minmay_tree_intersection
D:2:      layout_basic, serial_bayou, serial_bayou_ford_a,
          serial_bayou_lagoon_a, serial_bayou_shore_a, serial_bayou_lagoon_b,
          basic_altar, uniq_robin, uniq_jessica
D:3:      layout_loops_cross, shapermc_ecumenical_altar_ellora,
          ebering_ghost_sewer_f, uniq_sigmund
D:4:      layout_loops_corners, serial_shops, shop, mrwooster_statue_mirror
D:5:      minmay_goblin_kobold_castle, layout_cave_pools,
          minmay_temple_entry_stoned_glass, nicolae_ossuary_entry_ruins,
          minmay_a_box_with_orc_wizards_in_it
D:6:      layout_loops_ring, hellmonk_ghost_happy_afterlife
D:7:      layout_cave_pools, nemelex_xobeh_ov_fountains_minmay,
          minmay_misc_feat_five
D:8:      layout_layer_cave, minmay_lair_entry_grove
D:9:      layout_roguey, general_overflow_altar
D:10:     layout_loops_ring, enter_trove_5, onia_ninara_dug_in_and_dangerous
D:11:     layout_loops_ring, serial_glass, glass_columns_b, glass_columns_b
D:12:     layout_stronghold, orc_0_dummy
D:13:     layout_roguey, serial_shops, bzr_entry_customers,
          lightli_wizard_tower, uniq_frances, uniq_maurice, uniq_josephine
Temple:   mainiacjoe_temple_big_plus
Lair:1:   hellmonk_warped_wall, layout_concentric_octagons,
          portal_ice_cave_entry_pillars_1, patterned_corridor
Orc:1:    layout_caves, basic_altar
IceCv:    ice_cave_caverns_03

Skill      XL: |  1  2  3  4  5  6  7  8  9 10 11 12 |
---------------+-------------------------------------+-----
Stealth        | 6 7 8 9 10 11 12 14 | 14.5
Short Blades   | 3 4 5 7 8 9 |  9.2
Fighting       | 2 3 4 6 |  6.8
Dodging        | 2 3 4 5 7 8 |  8.0
Throwing       | 3 4 |  4.4
Spellcasting   | 1 2 3 4 |  4.6
Bows           | 1 3 4 8 10 12 13 | 13.0
Translocations | 3 4 5 |  5.1
Long Blades    | |  0.4
Shields        | |  0.6

Action                   |  1- 3 |  4- 6 |  7- 9 | 10-12 || total
-------------------------+-------+-------+-------+-------++-------
Melee: Dagger            |    48 |    10 |   104 |    36 ||   198
       Punch             |     1 |       |     7 |    11 ||    19
       Rapier            |     5 |    82 |   277 |       ||   364
       Short sword       |       |       |       |   197 ||   197
       Long sword        |       |       |       |   176 ||   176
 Fire: Shortbow          |       |    24 |   246 |   359 ||   629
Throw: Dart              |     9 |    38 |    25 |     5 ||    77
 Cast: Blink             |       |       |     2 |     4 ||     6
       Gell's Gravitas   |       |       |     1 |    10 ||    11
       Teleport Other    |       |       |       |     5 ||     5
Evoke: Wand              |       |       |       |     1 ||     1
  Use: Scroll            |     3 |     2 |    16 |    11 ||    32
       Potion            |       |       |     1 |     5 ||     6
 Stab: Sleeping          |    13 |     6 |    21 |    28 ||    68
       Distracted        |       |       |     2 |     2 ||     4
Armor: Robe              |     1 |     9 |    36 |    54 ||   100
Dodge: Dodged            |    18 |    67 |   243 |   451 ||   779
Block: Other             |       |       |       |    23 ||    23
       Reflection        |       |       |       |     2 ||     2
